 Dungeon Crawl Stone Soup version 0.29.0-7-g18a832c13a (webtiles) character file.

Game seed: 11224343963126956702

77 gelatine the Shooter (level 4, -1/27 HPs)
             Began as a Kobold Hunter on Aug 30, 2022.
             Slain by Ijyb
             ... wielding a +0 dagger
              (2 damage)
             ... on level 4 of the Dungeon.
             The game lasted 00:04:39 (1799 turns).

gelatine the Shooter (Kobold Hunter)                Turns: 1799, Time: 00:04:39

Health: -1/27      AC:  7    Str:  8    XL:     4   Next: 60%
Magic:  4/4        EV: 20    Int: 10    God:
Gold:   104        SH:  0    Dex: 20    Spells: 3/3 levels left

rFire   + + .      SeeInvis .   (weapon currently unavailable)
rCold   + + .      Faith    .   (shield currently unavailable)
rNeg    + + +      Spirit   .   (body armour currently unavailable)
rPois   ∞          Reflect  .   (helmet currently unavailable)
rElec   +          Harm     .   (cloak currently unavailable)
rCorr   +          Rampage  .   (gloves currently unavailable)
Will    .....                   (boots currently unavailable)
Stlth   +++.......              (amulet currently unavailable)
HPRegen 0.09/turn               (ring currently unavailable)
MPRegen 0.09/turn               (ring currently unavailable)

@: wisp-form, flying
A: insubstantial, flying, no casting, tiny, no large weapons, nightstalker 3
a: no special abilities


You were on level 4 of the Dungeon.
You were an insubstantial wisp.
You visited 1 branch of the dungeon, and saw 4 of its levels.

You collected 104 gold pieces.

Inventory:

Hand Weapons
 a - a +0 shortbow (melded)
 j - a +0 dagger of draining
Armour
 c - a +0 leather armour (melded)
 o - a +0 buckler
 s - a +2 cloak (melded)
 v - a +2 scale mail of poison resistance
Magical Staves
 k - a staff of air
Scrolls
 b - a scroll of immolation
 h - 2 scrolls of identify {unknown}
 m - a scroll of blinking {unknown}
 n - a scroll of vulnerability {unknown}
 r - a scroll of poison {unknown}
 t - a scroll of summoning {unknown}
 u - a scroll of teleportation {unknown}
Potions
 d - 2 potions of magic {unknown}
 e - a potion of cancellation {unknown}
 f - a potion of berserk rage {unknown}
 g - 2 potions of heal wounds {unknown}
 i - a potion of haste {unknown}
 l - a potion of ambrosia {unknown}
 p - a potion of resistance {unknown}
 q - a potion of curing {unknown}


   Skills:
 + Level 2.4 Fighting
 + Level 7.2 Ranged Weapons
 + Level 0.5 Armour
 + Level 2.5 Dodging
 + Level 1.4 Stealth


You had 3 spell levels left.
You didn't know any spells.
Your spell library contained the following spells:

 Spells                   Type           Power      Damage    Failure   Level
 Scorch                   Fire           0%         2d5       50%         2
 Tukima's Dance           Hex            0%         N/A       75%         3
 Flame Wave               Conj/Fire      0%         2d4       98%         4
 Passage of Golubria      Tloc           0%         N/A       98%         4
 Yara's Violent Unravell  Hex/Tmut       0%         3d3       100%        5
 Summon Cactus Giant      Summ           0%         N/A       100%        6


Dungeon Overview and Level Annotations

Branches:
Dungeon (4/15)
 Temple: D:4-7

Altars:
Xom

Annotations:
D:4 Ijyb


Innate Abilities, Weirdness & Mutations

You are an insubstantial wisp.
Your tiny insubstantial body is highly resistant to most damage types.
You are flying.
Your equipment is entirely melded.
You are incapable of wielding weapons or throwing items.
You cannot cast spells.
You are small and have problems with some larger weapons.
You are completely attuned to the shadows.


Message History

Aim: Ijyb, wielding a +0 dagger, wearing a +0 leather armour and carrying a wand of polymorph (4) (almost dead, 60% to hit)
You shoot an arrow. The arrow completely misses Ijyb.
Ijyb hits you but does no damage.
Fire: a) +0 shortbow
Press: ? - help, Q - select action Shift-Dir - straight line, f/p - Ijyb
Aim: Ijyb, wielding a +0 dagger, wearing a +0 leather armour and carrying a wand of polymorph (4) (almost dead, 60% to hit)
You shoot an arrow. The arrow barely misses Ijyb.
Ijyb hits you with a +0 dagger.
* * * LOW HITPOINT WARNING * * *
Fire: a) +0 shortbow
Press: ? - help, Q - select action Shift-Dir - straight line, f/p - Ijyb
Aim: Ijyb, wielding a +0 dagger, wearing a +0 leather armour and carrying a wand of polymorph (4) (almost dead, 60% to hit)
You shoot an arrow. The arrow barely misses Ijyb.
Ijyb completely misses you. Ijyb hits you with a +0 dagger.
* * * LOW HITPOINT WARNING * * *
Fire: a) +0 shortbow
Press: ? - help, Q - select action Shift-Dir - straight line, f/p - Ijyb
Aim: Ijyb, wielding a +0 dagger, wearing a +0 leather armour and carrying a wand of polymorph (4) (almost dead, 60% to hit)
You shoot an arrow. The arrow hits Ijyb but does no damage.
Ijyb is almost dead.
Ijyb zaps a wand.
You turn into an insubstantial wisp.
Your +0 shortbow melds into your body.
Your +2 cloak melds into your body.
Your +0 leather armour melds into your body.
Ijyb attacks as you move away! Ijyb hits you with a +0 dagger.
* * * LOW HITPOINT WARNING * * *
Ijyb screams, "Die!"
Ijyb attacks as you move away! Ijyb completely misses you.
There is a stone staircase leading down here.
You can't go up here!
Ijyb misses you.
You fly downwards.
There is a stone staircase leading up here.
A scorpion comes into view.
Ijyb attacks as you move away! Ijyb misses you.
The scorpion attacks as you move away! The scorpion completely misses you.
Ijyb hits you but does no damage. The scorpion attacks as you move away!
The scorpion stings you.
* * * LOW HITPOINT WARNING * * *
Ijyb hits you with a +0 dagger.
You die...

#######
.....s####.
#####gv....
###..###.
....<#
###.## ...#
####


You could see Ijyb and a scorpion.

Vanquished Creatures
  Terence (D:3)
  A worm (D:2)
  3 ball pythons
  7 bats
  3 endoplasms
  2 giant cockroaches (D:1)
  7 goblins
  2 hobgoblins (D:2)
  4 jackals (D:2)
  3 quokkas
  2 frilled lizards (D:2)
  3 kobolds
  7 rats
45 creatures vanquished.

Notes
Turn   | Place    | Note
-------+----------+-------------------------------------------
     0 | D:1      | gelatine the Kobold Hunter began the quest for the Orb.
     0 | D:1      | Reached XP level 1. HP: 12/12 MP: 1/1
   115 | D:1      | You fall into a shaft and drop 1 floor!
   169 | D:2      | Reached XP level 2. HP: 16/17 MP: 2/2
   258 | D:2      | Reached skill level 6 in Ranged Weapons
   361 | D:2      | Reached XP level 3. HP: 12/21 MP: 3/3
  1057 | D:1      | Reached XP level 4. HP: 26/26 MP: 4/4
  1313 | D:3      | Noticed Terence
  1322 | D:3      | Killed Terence
  1323 | D:3      | Reached skill level 7 in Ranged Weapons
  1585 | D:3      | Found a shimmering altar of Xom.
  1590 | D:3      | Noticed Ijyb
  1796 | D:4      | Noticed a scorpion
  1799 | D:4      | HP: 1/27 [scorpion (2)]
  1799 | D:4      | Slain by Ijyb

Illustrated notes

Levels and vault maps discovered:
D:1:      lightli_arrival_maybe_door_vault, layout_rooms, serial_glass,
          glass_columns_c, glass_columns_a, glass_columns_c, glass_columns_c,
          glass_columns_a, nrook_mini_backslash
D:2:      layout_rooms
D:3:      layout_loops_ring, old_standard_altar, zin_scriptorium,
          nicolae_overflow_crystal_walls, serial_rivers,
          chequers_serial_rivers_marsh, chequers_serial_rivers_micro_b,
          chequers_serial_rivers_micro_a, chequers_serial_rivers_small_a,
          chequers_serial_rivers_large_a, chequers_serial_rivers_marsh,
          uniq_terence, uniq_ijyb, uniq_jessica
D:4:      layout_loops_corners, mainiacjoe_overflow_tiny_flanked,
          amethyst_overflow_temple_binary, uniq_edmund, uniq_duvessa,
          uniq_natasha, uniq_grinder

Skill      XL: |  1  2  3  4 |
---------------+-------------+-----
Ranged Weapons | 6 7 |  7.2
Fighting       | |  2.4
Armour         | |  0.5
Dodging        | |  2.5
Stealth        | |  1.4

Action                   |  1- 3 |  4- 6 || total
-------------------------+-------+-------++-------
Melee: Unarmed           |       |     5 ||     5
 Fire: Shortbow          |    91 |    35 ||   126
Armor: Leather armour    |     9 |     7 ||    16
       Skin              |       |     1 ||     1
Dodge: Dodged            |    15 |     8 ||    23
